 Dungeon Crawl Stone Soup version 0.27.1-4-g1640c2035a (webtiles) character file.

Game seed: 13920355329775934765

2704 iamoutofideas the Thaumaturge (level 9, 0/47 HPs)
             Began as a Deep Elf Fire Elementalist on Nov 4, 2021.
             Was a Follower of Vehumet.
             Slain by a killer bee (5 damage)
             ... on level 8 of the Dungeon.
             The game lasted 00:14:34 (9489 turns).

iamoutofideas the Thaumaturge (DEFE)                Turns: 9489, Time: 00:14:34

Health: 0/47       AC:  6    Str:  5    XL:     9   Next: 39%
Magic:  25/25      EV: 13    Int: 24    God:    Vehumet [*.....]
Gold:   371        SH:  0    Dex: 15    Spells: 11/28 levels left

rFire    . . .     SeeInvis +   (no weapon)
rCold    . . .     Faith    .   (no shield)
rNeg     . . .     Spirit   .   a - +0 robe
rPois    .         Reflect  .   i - +2 helmet
rElec    .         Harm     .   (no cloak)
rCorr    .         Rampage  .   (no gloves)
Will     .....                  b - +0 pair of boots
Stlth    ++........             (no amulet)
HPRegen  0.15/turn              c - ring of see invisible
MPRegen  0.19/turn              (no ring)

@: lethally poisoned (0 -> -44), about to teleport
A: no striking features
a: Renounce Religion


You were on level 8 of the Dungeon.
You worshipped Vehumet.
Vehumet was aware of your devotion.
You visited 2 branches of the dungeon, and saw 9 of its levels.
You also visited: Sewer.

You collected 371 gold pieces.

Inventory:

Hand Weapons
 s - a +1 short sword of speed
 y - a +0 rapier of speed
 K - a +2 war axe of venom
Missiles
 d - 2 silver javelins
 j - a throwing net
Armour
 a - a +0 robe (worn)
 b - a +0 pair of boots (worn)
 i - a +2 helmet (worn)
 r - the +1 ring mail of Articulation {rPois rN+ Will+}
   (You found it on level 4 of the Dungeon)

   rPois:     It protects you from poison.
   rN:        It protects you from negative energy.
   Will:      It increases your willpower.
 z - a +0 leather armour
Magical Staves
 q - a staff of poison
Jewellery
 c - a ring of see invisible (left hand)
 g - a ring of flight
Wands
 t - a wand of polymorph (5)
 D - a wand of iceblast (7)
 E - a wand of mindburst (17)
 G - a wand of charming (11)
Scrolls
 l - 2 scrolls of fog
 m - 2 scrolls of enchant armour {unknown}
 n - 3 scrolls of enchant weapon
 o - a scroll of magic mapping {unknown}
 x - a scroll of summoning {unknown}
 C - a scroll of acquirement {unknown}
 J - a scroll of amnesia {unknown}
Potions
 e - 3 potions of curing
 f - 3 potions of resistance
 k - 5 potions of flight
 u - a potion of degeneration {unknown}
 v - 2 potions of heal wounds
 w - a potion of magic {unknown}
 A - 2 potions of mutation
 B - 2 potions of might {unknown}
 F - 2 potions of lignification {unknown}
 H - a potion of attraction {unknown}


   Skills:
 + Level 1.2 Fighting
 + Level 3.8 Dodging
 - Level 3.1 Stealth
 + Level 10.1 Spellcasting
 + Level 7.6 Conjurations
 + Level 8.5 Fire Magic


You had 11 spell levels left.
You knew the following spells:

 Your Spells              Type           Power      Damage    Failure   Level
a - Foxfire               Conj/Fire      100%       2x1d9     1%          1
b - Conjure Flame         Conj/Fire      50%        6-21      1%          3
c - Sticky Flame          Conj/Fire      50%        2d7       1%          4
d - Fireball              Conj/Fire      25%        3d11      5%          5
e - Mephitic Cloud        Conj/Pois/Air  24%        N/A       5%          3
f - Shock                 Conj/Air       100%       1d9       1%          1

Your spell library contained the following spells:

 Spells                   Type           Power      Damage    Failure   Level
 Magic Dart               Conj           100%       1d8       1%          1
 Searing Ray              Conj           96%        3d7       1%          2
 Inner Flame              Hex/Fire       32%        N/A       2%          3
 Call Imp                 Summ           12%        N/A       8%          2
 Fulminant Prism          Conj/Hex       15%        3d11      11%         4


Dungeon Overview and Level Annotations

Branches:
Dungeon (8/15)             Temple (1/1) D:5           Sewer (visited)
   Lair: D:8-11

Altars:
Ashenzari
Dithmenos
Elyvilon
Fedhas
Gozag
Kikubaaqudgha
Makhleb
Nemelex Xobeh
Okawaru
Qazlal
Ru
Sif Muna
Trog
Vehumet
Wu Jian
Xom
Yredelemnul
Zin
The Shining One

Annotations:
D:4 exclusion: downstairs


Message History

You are poisoned.
The killer bee poisons you!
The orc wizard hits you but does no damage.
The orc wizard mumbles some strange words.
The orc wizard flickers and vanishes for a moment.
The killer bee buzzes angrily. x3
Unknown command.
As you read the scroll of teleportation, it crumbles to dust.
You feel strangely unstable.
You feel sick. The killer bee stings you. x2
You are more poisoned.
The killer bee poisons you! The killer bee stings you.
You are lethally poisoned!
The killer bee poisons you! The killer bee stings you!
You are more poisoned.
The killer bee poisons you! The killer bee barely misses you.
The orc wizard misses you. The killer bee stings you.
* * * LOW HITPOINT WARNING * * *
Unknown command.
You feel much better.
You feel extremely sick.
The killer bee buzzes angrily.
The killer bee stings you! x2
* * * LOW HITPOINT WARNING * * *
You are more poisoned.
The killer bee poisons you! The killer bee misses you.
The killer bee stings you.
* * * LOW HITPOINT WARNING * * *
You are more poisoned.
The killer bee poisons you! The killer bee barely misses you.
The howler monkey zombie falls through a shaft!
The shaft crumbles and collapses.
The killer bee stings you but does no damage.
The killer bee barely misses you. The killer bee stings you!
* * * LOW HITPOINT WARNING * * *
The orc wizard gestures at you while chanting.
The puff of flame misses you.
The puff of flame hits the killer bee.
The killer bee completely misses you.
The killer bee is engulfed in a cloud of scalding steam.
The killer bee stings you.
You die...

##..###...#
#...
...####..$..###
...#
...##.........#
#####
...#...........
..##...o.......
#.#...≈.....#..
#..(≈.!.$.#l.
+..5≈○o$#####
#..Zy@yyy.#y.
#..oyyyo..#..
##...yy..y...
#..Zy.......
##.........#
###..(..###
#######


You could see a wyvern, 12 killer bees, 2 orc wizards, a shadow imp, 2 orcs and
2 centaur zombies.

Vanquished Creatures
  Pikel (D:5)
  Sigmund (D:4)
  A wyvern (D:7)
  Eustachio (D:4)
  2 sky beasts
  2 black bears
  An ogre (D:5)
  A phantom (D:5)
  A kobold brigand (D:7)
  A scorpion (D:4)
  A water moccasin zombie (D:5)
  A wyvern zombie (D:7)
  A water moccasin skeleton (D:7)
  A bullfrog zombie (D:6)
  3 orc priests
  3 hounds
  3 bullfrog skeletons
  A centaur skeleton (D:7)
  A gnoll shaman (D:6)
  Natasha (thrice) (D:2)
  An iguana (D:4)
  A hound skeleton (D:4)
  Robin (D:3)
  18 gnolls
  A river rat (D:3)
  12 adders
  A howler monkey skeleton (D:7)
  A shadow imp (D:7)
  2 white imps
  5 worms
  4 dart slugs
  14 orcs
  12 endoplasms
  6 giant cockroaches
  12 goblins
  10 hobgoblins
  14 jackals
  12 kobolds
  4 quokkas
  12 ball pythons
  12 bats
  8 frilled lizards
  8 rats
201 creatures vanquished.

Vanquished Creatures (collateral kills)
  3 foxfires (D:1)
3 creatures vanquished.

Vanquished Creatures (others)
  787 foxfires
  2 fungi (D:8)
  18 plants (D:8)
807 creatures vanquished.

Grand Total: 1011 creatures vanquished

Notes
Turn   | Place    | Note
-------+----------+-------------------------------------------
     0 | D:1      | iamoutofideas the Deep Elf Fire Elementalist began the
                  | quest for the Orb.
     0 | D:1      | Reached XP level 1. HP: 10/10 MP: 6/6
    24 | D:1      | Reached XP level 2. HP: 15/15 MP: 2/8
   506 | D:1      | Reached XP level 3. HP: 19/19 MP: 7/9
   881 | D:1      | Found a faded altar of an unknown god.
  1972 | D:2      | Reached XP level 4. HP: 24/24 MP: 7/11
  2011 | D:2      | Noticed Natasha
  2024 | D:2      | Reached skill level 4 in Spellcasting
  2138 | D:2      | Killed Natasha
  2396 | D:2      | Noticed Natasha
  2403 | D:2      | Killed Natasha
  2646 | D:2      | Noticed Natasha
  2650 | D:2      | Killed Natasha
  2651 | D:2      | Reached XP level 5. HP: 14/28 MP: 9/13
  2658 | D:2      | Learned a level 3 spell: Conjure Flame
  2663 | D:2      | Learned a level 4 spell: Sticky Flame
  2669 | D:2      | Learned a level 5 spell: Fireball
  2903 | D:3      | Found an iron altar of Okawaru.
  3079 | D:3      | Found an ornate altar of the Wu Jian Council.
  3095 | D:3      | Noticed Robin
  3099 | D:3      | Killed Robin
  3100 | D:3      | Reached skill level 5 in Spellcasting
  3238 | D:3      | Reached XP level 6. HP: 12/32 MP: 0/15
  3312 | D:3      | Found a glowing drain.
  3323 | Sewer    | Entered a sewer
  3968 | Sewer    | Reached skill level 5 in Fire Magic
  4837 | D:4      | Reached skill level 6 in Spellcasting
  4911 | D:4      | Noticed Sigmund
  4918 | D:4      | Killed Sigmund
  4919 | D:4      | Reached XP level 7. HP: 35/36 MP: 8/19
  4929 | D:4      | Identified the +1 ring mail of Articulation {rPois rN+
                  | Will+}
  5082 | D:4      | Reached skill level 7 in Spellcasting
  5301 | D:4      | Reached skill level 5 in Conjurations
  5331 | D:4      | Found a white marble altar of Elyvilon.
  5513 | D:4      | Noticed Eustachio
  5527 | D:4      | Killed Eustachio
  5741 | D:5      | Entered Level 5 of the Dungeon
  6106 | D:5      | Reached XP level 8. HP: 41/41 MP: 16/21
  6144 | D:5      | Found a staircase to the Ecumenical Temple.
  6169 | Temple   | Entered the Ecumenical Temple
  6398 | Temple   | Became a worshipper of Vehumet
  6622 | D:5      | Reached skill level 8 in Spellcasting
  6950 | D:5      | Noticed Pikel
  6966 | D:5      | Killed Pikel
  6967 | D:5      | Reached skill level 9 in Spellcasting
  7139 | D:5      | Reached skill level 1 in Fighting
  7268 | D:5      | Learned a level 3 spell: Mephitic Cloud
  7834 | D:6      | Reached XP level 9. HP: 47/47 MP: 20/24
  8144 | D:6      | Found a sacrificial altar of Ru.
  8152 | D:6      | You fall into a shaft and drop 1 floor!
  8391 | D:6      | Found an ancient bone altar of Kikubaaqudgha.
  8393 | D:6      | Found a broken altar of Ashenzari.
  8393 | D:6      | Found a white marble altar of Elyvilon.
  8395 | D:6      | Found a white marble altar of Elyvilon.
  8395 | D:6      | Found a shimmering altar of Xom.
  8395 | D:6      | Found a blossoming altar of Fedhas.
  8835 | D:7      | Reached skill level 10 in Spellcasting
  9030 | D:7      | Found a bloodstained altar of Trog.
  9399 | D:8      | Reached * piety under Vehumet
  9399 | D:8      | Offered knowledge of Shock by Vehumet.
  9434 | D:8      | Learned a level 1 spell: Shock
  9489 | D:8      | Slain by a killer bee

Illustrated notes

Levels and vault maps discovered:
D:1:      eino_arrival_cavern_e, layout_loops_ring, serial_forest,
          infiniplex_forest_lined_room_2, infiniplex_forest_lined_corner,
          infiniplex_forest_clump_long, infiniplex_forest_join,
          infiniplex_forest_clump_large, infiniplex_forest_straight_2,
          dreamdust_ecumenical_altar_statues
D:2:      layout_basic, uniq_natasha
D:3:      minmay_angry_zag, layout_loops_ring, nicolae_overflow_crystal_walls,
          general_overflow_altar, portal_sewer_entry_b, minivault_4, uniq_robin
D:4:      layout_rooms, overflow_temple_1_default, uniq_eustachio, uniq_sigmund
D:5:      layout_loops_corners, temple_fountains, uniq_pikel
D:6:      layout_loops_ring, nicolae_ru_sacrificial_ziggurat,
          doesnt_xom_only_xom
D:7:      layout_cave_pools, trog_book, nicolae_uskayaw_dance_studio
D:8:      layout_rooms, kennysheep_little_box, minmay_lair_entry_grove,
          enter_bailey_2, grunt_potential
Temple:   nicolae_temple_figure_eight

Skill      XL: |  1  2  3  4  5  6  7  8  9 |
---------------+----------------------------+-----
Fire Magic     | 4 5 6 7 8 |  8.5
Conjurations   | 2 3 4 5 7 |  7.6
Spellcasting   | 4 5 6 7 9 10 | 10.1
Stealth        | 3 |  3.1
Dodging        | 3 |  3.8
Fighting       | 1 |  1.2

Action                   |  1- 3 |  4- 6 |  7- 9 || total
-------------------------+-------+-------+-------++-------
Melee: Unarmed           |       |     2 |       ||     2
 Cast: Foxfire           |   116 |   184 |   198 ||   498
       Conjure Flame     |       |     1 |       ||     1
       Sticky Flame      |       |     1 |    16 ||    17
       Mephitic Cloud    |       |       |     1 ||     1
  Use: Scroll            |       |     1 |     8 ||     9
       Potion            |       |     1 |     1 ||     2
Armor: Robe              |     2 |     4 |    12 ||    18
Dodge: Dodged            |     7 |    33 |    32 ||    72
